 Dungeon Crawl Stone Soup version 0.25-a0-577-ga4619f409e (webtiles) character file.

Game seed: 9074705378173121742, levelgen mode: deterministic

1 An17 the Sneak (level 1, -1/13 HPs)
             Began as a Vampire Enchanter on Mar 2, 2020.
             Slain by a kobold
             ... wielding a +0 hand axe
              (3 damage)
             ... on level 1 of the Dungeon.
             The game lasted 00:00:19 (50 turns).

An17 the Sneak (Vampire Enchanter)                    Turns: 50, Time: 00:00:20

Health: -1/13      AC:  2    Str:  7    XL:     1   Next: 16%
Magic:  2/3        EV: 12    Int: 17    God:
Gold:   14         SH:  0    Dex: 14    Spells: 3/4 levels left

rFire    . . .     SeeInvis +   a - +1 dagger
rCold    . . .     Gourm    .   (no shield)
rNeg     . . .     Faith    .   b - +0 robe
rPois    .         Spirit   .   (no helmet)
rElec    .         Reflect  .   (no cloak)
rCorr    .         Harm     .   (no gloves)
MR       .....                  (no boots)
Stlth    +++.......             (no amulet)
HPRegen  0.24/turn              (no ring)
MPRegen  0.08/turn              (no ring)

@: regenerating quickly
A: no food, fangs 3, see invisible, unbreathing
a: Exsanguinate


You were on level 1 of the Dungeon.
You were alive.

You visited 1 branch of the dungeon, and saw 1 of its levels.

You collected 14 gold pieces.

Inventory:

Hand Weapons
 a - a +1 dagger (weapon)
Armour
 b - a +0 robe (worn)
Scrolls
 c - a scroll of enchant weapon {unknown}
Potions
 d - a potion of heal wounds {unknown}
 e - a potion of curing {unknown}


   Skills:
 + Level 1.1 Short Blades
 + Level 2.1 Dodging
 + Level 4.6 Stealth
 + Level 2.0 Spellcasting
 + Level 4.4 Hexes


You had 3 spell levels left.
You knew the following spells:

 Your Spells              Type           Power        Failure   Level  Hunger
a - Corona                Hex            ###....      3%          1    N/A

Your spell library contained the following spells:

 Spells                   Type           Power        Failure   Level  Hunger
 Confusing Touch          Hex            ###.....     10%         3    N/A
 Tukima's Dance           Hex            ###.....     10%         3    N/A
 Ensorcelled Hibernation  Hex/Ice        #.....       12%         2    N/A
 Dazzling Flash           Conj/Hex       #.....       24%         3    N/A

Dungeon Overview and Level Annotations

Branches:
Dungeon (1/15)

Altars:


Innate Abilities, Weirdness & Mutations

You do not eat.
Your natural rate of healing is unusually fast.
You have razor-sharp teeth.
You have supernaturally acute eyesight. (SInv)
You can survive without breathing.


Message History

Press: ? - help, Shift-Dir - straight line, f - kobold
Aim: a kobold, wielding a +0 hand axe and quivering 2 stones (chance to defeat MR: 71%)
The kobold is outlined in light.
The kobold throws a stone.
The stone hits you.
The kobold throws a stone.
The stone closely misses you. The kobold hits you with a +0 hand axe.
You hit the kobold but do no damage. The kobold barely misses you.
You barely miss the kobold. The kobold barely misses you.
You hit the kobold.
The kobold is moderately wounded.
The kobold barely misses you.
You barely miss the kobold. You bite the kobold, but do no damage.
The kobold is moderately wounded.
The kobold stops glowing.
The kobold hits you with a +0 hand axe.
* * * LOW HITPOINT WARNING * * *
You closely miss the kobold.
The kobold is moderately wounded.
You hit the kobold.
The kobold is heavily wounded.
The kobold hits you with a +0 hand axe.
You die...

#K†# #..# # #..#
#. #..# #.###..#
#....(# #########
##...####......$.
##..K....##
#..##@##.<#
#..###.#####
#.#.###(##
###......#
#........#
#.######(# #.#
#.# .>#


You could see a kobold.

Vanquished Creatures
  A kobold (D:1)
1 creature vanquished.

Notes
Turn   | Place    | Note
-------+----------+-------------------------------------------
     0 | D:1      | An17 the Vampire Enchanter began the quest for the Orb.
     0 | D:1      | Reached XP level 1. HP: 13/13 MP: 3/3
    50 | D:1      | Slain by a kobold

Levels and vault maps discovered:
D:1:      dpeg_arrival_tiny_a, layout_loops_ring, serial_bayou,
          serial_bayou_pond_e, serial_bayou_pond_e, serial_bayou_shore_a,
          serial_bayou_lagoon_a, serial_bayou_pond_e

Action                   || total
-------------------------++-------
Melee: Dagger            ||    12
       Bite              ||     2
 Cast: Corona            ||     3
Armor: Robe              ||     1
Dodge: Dodged            ||    10

Table legend:
 A = Non-vault XP
 B = Vault XP
 C = Vault XP percentage of total XP
 D = Non-vault monster count
 E = Vault monster count
 F = Vault count percentage of total count
                 A         B        C        D         E       F
            +---------+---------+-------+---------+---------+-------
      Total |       2 |       0 |   0.0 |       1 |       0 |   0.0
            +---------+---------+-------+---------+---------+-------
        D:1 |       2 |       0 |   0.0 |       1 |       0 |   0.0
            +---------+---------+-------+---------+---------+-------
